 Dungeon Crawl Stone Soup version 0.22-a0-283-g1871b15 (webtiles) character file.

3173 tidbits the Martial Artist (level 9, 0/68 HPs)
             Began as a Gnoll Transmuter on Mar 19, 2018.
             Was an Initiate of Cheibriados.
             Slain by a freezing wraith (2 damage)
             ... on level 2 of the Abyss.
             The game lasted 00:20:30 (2318 turns).

tidbits the Martial Artist (Gnoll Transmuter)       Turns: 2318, Time: 00:20:31

Health: 0/68       AC:  5    Str: 18    XL:     9   Next: 95%
Magic:  19/19      EV: 16    Int: 20    God:    Cheibriados [......]
Gold:   299        SH:  0    Dex: 17    Spells: 6/21 levels left

rFire    . . .     SeeInvis .     - Unarmed
rCold    . . .     Gourm    .   (shield currently unavailable)
rNeg     + . .     Faith    .   B - +2 robe {MR+}
rPois    .         Spirit   .   (no helmet)
rElec    .         Reflect  .   c - +0 cloak
rCorr    .         Harm     .   (gloves currently unavailable)
MR       +....                  (no boots)
Stlth    +++.......             (no amulet)
HPRegen  0.21/turn              t - ring of positive energy
MPRegen  0.16/turn              (no ring)

@: mighty, blade hands (expiring), slowed, very slow
A: distributed training, fangs 1, strong nose
a: End Transformation, Bend Time, Renounce Religion


You were on level 2 of the Abyss.
You worshipped Cheibriados.
Cheibriados was noncommittal.
You were very hungry.
You had blades for hands.
You visited 2 branches of the dungeon, and saw 8 of its levels.
You visited the Abyss 1 time.
You also visited: Sewer.

You collected 299 gold pieces.

Inventory:

Hand Weapons
 e - a +1 dagger
 k - the +4 hunting sling of Lies (melded) {freeze, MP+9}
   (You found it on level 4 of the Dungeon)

   It causes projectiles fired from it to freeze those they strike, causing
   extra injury to most foes and up to half again as much damage against
   particularly susceptible opponents.
   They can also slow down cold-blooded creatures.
   It affects your magic capacity (+9).
 q - a cursed +0 hand axe
 v - a +0 hand crossbow
 y - a cursed +3 dire flail of freezing
   (You took it off a wight on level 6 of the Dungeon)
 D - a +3 morningstar
 F - the +7 mace "Maleo" {distort, rPois rF+ Str+5}
   (You found it on level 7 of the Dungeon)

   It warps and distorts space around it.
   Unwielding it can cause banishment or high damage.
   It affects your strength (+5).
   It protects you from fire.
   It protects you from poison.
Missiles
 a - 122 arrows
 f - 26 stones (quivered)
 u - 13 poisoned needles
 w - 112 bolts
 J - 35 sling bullets
Armour
 b - a +0 pair of gloves
 c - a +0 cloak (worn)
 r - a +1 pair of gloves
 B - a +2 robe of magic resistance (worn)
   (You took it off Pikel on level 5 of the Dungeon)
Jewellery
 t - a ring of positive energy (left scythe-like blade)
   (You found it on level 5 of the Dungeon)
Wands
 m - a wand of enslavement (31)
Scrolls
 g - 2 scrolls of enchant armour {unknown}
 i - a scroll of amnesia
 j - 3 scrolls of enchant weapon
 C - a scroll of acquirement {unknown}
 E - 2 scrolls of blinking {unknown}
 G - a scroll of teleportation
 H - a scroll of fear {unknown}
 I - 2 scrolls of remove curse
Potions
 h - 4 potions of heal wounds
 l - 2 potions of might
 n - 3 potions of flight {unknown}
 o - 3 potions of agility {unknown}
 p - a potion of degeneration {unknown}
 s - 2 potions of brilliance {unknown}
 x - 2 potions of mutation {unknown}
 z - 7 potions of curing
 A - a potion of invisibility
 K - a potion of haste {unknown}
Comestibles
 d - 10 rations


   Skills:
 + Level 5.4 Fighting
 + Level 4.6 Short Blades
 + Level 4.6 Long Blades
 + Level 4.6 Axes
 + Level 4.6 Maces & Flails
 + Level 4.6 Polearms
 + Level 4.6 Staves
 + Level 4.6 Slings
 + Level 4.6 Bows
 + Level 4.6 Crossbows
 + Level 4.6 Throwing
 + Level 4.6 Armour
 + Level 6.6 Dodging
 + Level 4.6 Stealth
 + Level 4.6 Shields
 + Level 8.1 Unarmed Combat
 + Level 6.9 Spellcasting
 + Level 3.8 Conjurations
 + Level 3.8 Hexes
 + Level 3.8 Charms
 + Level 3.8 Summonings
 + Level 3.8 Necromancy
 + Level 3.8 Translocations
 + Level 5.4 Transmutations
 + Level 3.8 Fire Magic
 + Level 3.8 Ice Magic
 + Level 3.8 Air Magic
 + Level 3.8 Earth Magic
 + Level 3.8 Poison Magic
 + Level 5.1 Invocations
 + Level 4.6 Evocations


You had 6 spell levels left.
You knew the following spells:

 Your Spells              Type           Power        Failure   Level  Hunger
e - Beastly Appendage     Tmut           ####..       16%         1    None
h - Blade Hands           Tmut           ####......   69%         5    #####..
i - Ice Form              Ice/Tmut       ####....     54%         4    ###....
k - Sticks to Snakes      Tmut           ####....     19%         2    None
p - Spider Form           Tmut/Pois      ####......   30%         3    #......


Dungeon Overview and Level Annotations

Branches:
Dungeon (7/15)             Temple (1/1) D:7

Altars:
Ashenzari
Cheibriados
Elyvilon
Fedhas
Hepliaklqana
Kikubaaqudgha
Makhleb
Nemelex Xobeh
Okawaru
Qazlal
Trog
Uskayaw
Wu Jian
Xom
Yredelemnul
Zin
The Shining One


Innate Abilities, Weirdness & Mutations

Your experience applies equally to all skills.
You have very sharp teeth.
Your uncanny sense of smell can sniff out nearby items.


Message History

Magic restored.
There is a staircase back to the Dungeon here.
Wield which item (- for none, * to show all)? (? for menu, Esc to quit)
The +4 hunting sling of Lies {freeze, MP+9} stops glowing.
You feel stronger. Space warps around you for a moment!
F - the +7 mace "Maleo" (weapon)
{distort, rPois rF+ Str+5} Wield which item (- for none, * to show all)? (? for menu, Esc to quit)
Really unwield
F - the +7 mace "Maleo" {distort, rPois rF+ Str+5}?
The +4 hunting sling of Lies {freeze, MP+9} is covered in frost.
k - the +4 hunting sling of Lies (weapon)
{freeze, MP+9} You are cast into the Abyss!
To return, you must find a gate leading back.
Killing monsters will force the Abyss to allow you passage.
You feel Cheibriados slowing down the madness of this place.
This branch contains the abyssal rune of Zot.
Found 16 stones.
Unknown command.
Found 19 bolts.
Found a blue potion.
Found a gateway leading deeper into the Abyss.
Unknown command.
You see here a blue potion.
K - a blue potion
There is a gateway leading deeper into the Abyss here.
You plunge deeper into the Abyss.
Found a scroll labeled YLLUPR SUMUY.
Unknown command.
Found 25 gold pieces.
You see here 25 gold pieces.
You now have 213 gold pieces (gained 25).
Found 33 gold pieces and a metal-bound book.
You see here a scroll labeled YLLUPR SUMUY.
g - 2 scrolls labeled YLLUPR SUMUY (gained 1)
Found 39 gold pieces.
You see here a book of Enchantments.
You pick up a book of Enchantments and begin reading...
You add the spells Cause Fear, Yara's Violent Unravelling, Silence, Deflect Missiles and Discord to your library.
You see here 39 gold pieces.
You now have 252 gold pieces (gained 39).
Found 3 arrows.
Found 47 gold pieces.
You see here 3 arrows.
a - 122 arrows (gained 3)
Found a dagger.
You see here 47 gold pieces.
You now have 299 gold pieces (gained 47).
You are feeling very hungry.
A ynoxinul comes into view.
A lich comes into view.
The lich moves out of view.
A large abomination comes into view.
A large abomination comes into view.
The large abomination moves out of view.
This spell is quite dangerous to cast!
Memorise Blade Hands, consuming 5 spell levels and leaving 6?
You start memorising the spell.
You continue memorising. x5
You finish memorising.
Spell assigned to 'h'.
It was a potion of might.
You feel very mighty all of a sudden.
A smoke demon comes into view.
Casting: Sticks to Snakes (safe; 1% risk of failure)
Confirm with . or Enter, or press ? or * to list all spells.
Your hands turn into razor-sharp scythe blades.
The +4 hunting sling of Lies {freeze, MP+9} melds into your body.
The +4 hunting sling of Lies {freeze, MP+9} stops glowing.
The smoke demon roars!
You slice the smoke demon!!
The smoke demon is severely wounded.
The smoke demon misses you. The smoke demon hits you.
The smoke demon hits you but does no damage.
Unknown command.
You hit the smoke demon.
The smoke demon is severely wounded.
The smoke demon completely misses you. The smoke demon barely misses you.
The smoke demon hits you.
You slice the smoke demon!!
You kill the smoke demon!
Cheibriados thoroughly appreciates the change of pace.
Your Invocations skill increases to level 5!
Your transformation is almost over.
You hit the large abomination. You slash the large abomination!!
The large abomination is heavily damaged.
You slice the large abomination!!
You destroy the large abomination!
A freezing wraith comes into view.
You hit the freezing wraith.
The freezing wraith is lightly damaged.
The freezing wraith hits you. The freezing wraith freezes you!
The freezing wraith hits you!
* * * LOW HITPOINT WARNING * * *
The freezing wraith drains your vigour!
You feel yourself slow down.
You slice the freezing wraith!!
The freezing wraith is almost destroyed.
The freezing wraith hits you!
* * * LOW HITPOINT WARNING * * *
The freezing wraith freezes you!!
* * * LOW HITPOINT WARNING * * *
The freezing wraith hits you.
You die...

....###.# #.#..
.) . .#..# # .##
# ... ##.#.#..
#.#.# #.
#..#..#.##.#.. .
. # #. ..#..###.
.... 3.
#.#..##.. # . .#
#.#.#.#.. ..#. .
#...#.#.#...#.#.
. #.#@#..#.#...
..#.. ###.W##.#
. ... ..#
##.#.....# .#..
#..# .#. . .
#.........### #
....#. ### .
.#..#.. # .#
#..##.. . .


You could see a freezing wraith.

Vanquished Creatures
  Pikel (D:5)
  Joseph (D:7)
  A smoke demon (Abyss:2)
  Eustachio (D:5)
  A water moccasin (D:6)
  2 sky beasts
  A large abomination (Abyss:2)
  A slave (D:5)
  A black bear (D:6)
  4 ogres
  A centaur (D:7)
  A big kobold (Sewer)
  A bullfrog (D:7)
  A scorpion (D:4)
  4 wights (D:6)
  2 howler monkeys (D:7)
  4 hounds
  Crazy Yiuf (D:7)
  A jelly (D:6)
  A centaur skeleton (D:6)
  2 iguanas
  4 worker ants
  A hound skeleton (D:5)
  A gnoll (D:1)
  7 adders
  7 river rats
  A shadow imp (D:5)
  An ooze (Sewer)
  2 adder skeletons
  A worm (D:4)
  A dart slug (D:4)
  2 leopard geckos
  An orc (D:4)
  A bat (D:3)
  7 giant cockroaches
  2 goblins
  2 jackals (D:5)
  2 ball pythons
  3 frilled lizards (Sewer)
  A giant cockroach zombie (D:5)
  A goblin zombie (D:5)
  A hobgoblin zombie (D:5)
  16 kobolds
  2 kobold skeletons (D:5)
  A kobold zombie (D:5)
  2 orc skeletons (D:5)
  18 rats
121 creatures vanquished.

Vanquished Creatures (collateral kills)
  An ogre (D:5)
  A howler monkey (D:4)
  A bullfrog skeleton (D:4)
  A kobold (Sewer)
  2 rats (Sewer)
6 creatures vanquished.

Vanquished Creatures (others)
  2 gnolls (D:5)
  A shadow imp (D:5)
  3 jackals (D:5)
6 creatures vanquished.

Grand Total: 133 creatures vanquished

Notes
Turn   | Place    | Note
-------+----------+-------------------------------------------
     0 | D:1      | tidbits the Gnoll Transmuter began the quest for the Orb.
     0 | D:1      | Reached XP level 1. HP: 17/17 MP: 6/6
   105 | D:1      | Reached XP level 2. HP: 19/23 MP: 5/7
   109 | D:1      | Learned a level 2 spell: Sticks to Snakes
   160 | D:2      | Noticed an ogre
   202 | D:4      | Reached skill level 5 in Spellcasting
   202 | D:4      | Reached skill level 1 in Invocations
   202 | D:4      | Reached XP level 3. HP: 28/28 MP: 4/9
   207 | D:4      | Learned a level 3 spell: Spider Form
   209 | D:5      | Entered Level 5 of the Dungeon
   265 | D:4      | Reached skill level 1 in Short Blades
   265 | D:4      | Reached skill level 1 in Long Blades
   265 | D:4      | Reached skill level 1 in Axes
   265 | D:4      | Reached skill level 1 in Maces & Flails
   265 | D:4      | Reached skill level 1 in Polearms
   265 | D:4      | Reached skill level 1 in Staves
   265 | D:4      | Reached skill level 1 in Slings
   265 | D:4      | Reached skill level 1 in Bows
   265 | D:4      | Reached skill level 1 in Crossbows
   265 | D:4      | Reached skill level 1 in Throwing
   265 | D:4      | Reached skill level 1 in Armour
   265 | D:4      | Reached skill level 1 in Stealth
   265 | D:4      | Reached skill level 1 in Shields
   265 | D:4      | Reached skill level 1 in Evocations
   265 | D:4      | Reached XP level 4. HP: 15/34 MP: 7/11
   267 | D:4      | Reached skill level 1 in Conjurations
   267 | D:4      | Reached skill level 1 in Hexes
   267 | D:4      | Reached skill level 1 in Charms
   267 | D:4      | Reached skill level 1 in Summonings
   267 | D:4      | Reached skill level 1 in Necromancy
   267 | D:4      | Reached skill level 1 in Translocations
   267 | D:4      | Reached skill level 1 in Fire Magic
   267 | D:4      | Reached skill level 1 in Ice Magic
   267 | D:4      | Reached skill level 1 in Air Magic
   267 | D:4      | Reached skill level 1 in Earth Magic
   267 | D:4      | Reached skill level 1 in Poison Magic
   271 | D:4      | Reached XP level 5. HP: 19/40 MP: 7/12
   412 | D:4      | Got a polished hunting sling
   418 | D:4      | Reached skill level 3 in Fighting
   418 | D:4      | Reached skill level 4 in Transmutations
   496 | D:4      | Learned a level 4 spell: Ice Form
   509 | D:4      | Reached XP level 6. HP: 46/47 MP: 10/13
   632 | D:4      | Reached skill level 2 in Invocations
   684 | D:4      | Found a glowing drain.
   688 | Sewer    | Entered a sewer
   789 | Sewer    | Identified the +4 hunting sling of Lies {freeze, MP+9} (You found it on level 4 of the Dungeon)
   814 | Sewer    | Reached skill level 5 in Dodging
   829 | Sewer    | Reached skill level 2 in Short Blades
   829 | Sewer    | Reached skill level 2 in Long Blades
   829 | Sewer    | Reached skill level 2 in Axes
   829 | Sewer    | Reached skill level 2 in Maces & Flails
   829 | Sewer    | Reached skill level 2 in Polearms
   829 | Sewer    | Reached skill level 2 in Staves
   829 | Sewer    | Reached skill level 2 in Slings
   829 | Sewer    | Reached skill level 2 in Bows
   829 | Sewer    | Reached skill level 2 in Crossbows
   829 | Sewer    | Reached skill level 2 in Throwing
   829 | Sewer    | Reached skill level 2 in Armour
   829 | Sewer    | Reached skill level 2 in Stealth
   829 | Sewer    | Reached skill level 2 in Shields
   829 | Sewer    | Reached skill level 2 in Evocations
   926 | Sewer    | Reached XP level 7. HP: 13/52 MP: 12/15
  1085 | D:5      | Noticed Eustachio
  1113 | D:5      | Killed Eustachio
  1113 | D:5      | Reached skill level 7 in Unarmed Combat
  1113 | D:5      | Reached skill level 2 in Conjurations
  1113 | D:5      | Reached skill level 2 in Hexes
  1113 | D:5      | Reached skill level 2 in Charms
  1113 | D:5      | Reached skill level 2 in Summonings
  1113 | D:5      | Reached skill level 2 in Necromancy
  1113 | D:5      | Reached skill level 2 in Translocations
  1113 | D:5      | Reached skill level 2 in Fire Magic
  1113 | D:5      | Reached skill level 2 in Ice Magic
  1113 | D:5      | Reached skill level 2 in Air Magic
  1113 | D:5      | Reached skill level 2 in Earth Magic
  1113 | D:5      | Reached skill level 2 in Poison Magic
  1128 | D:5      | Found an ornate altar of the Wu Jian Council.
  1144 | D:5      | Noticed Pikel
  1156 | D:5      | Killed Pikel
  1156 | D:5      | Reached skill level 4 in Fighting
  1156 | D:5      | Reached skill level 3 in Short Blades
  1156 | D:5      | Reached skill level 3 in Long Blades
  1156 | D:5      | Reached skill level 3 in Axes
  1156 | D:5      | Reached skill level 3 in Maces & Flails
  1156 | D:5      | Reached skill level 3 in Polearms
  1156 | D:5      | Reached skill level 3 in Staves
  1156 | D:5      | Reached skill level 3 in Slings
  1156 | D:5      | Reached skill level 3 in Bows
  1156 | D:5      | Reached skill level 3 in Crossbows
  1156 | D:5      | Reached skill level 3 in Throwing
  1156 | D:5      | Reached skill level 3 in Armour
  1156 | D:5      | Reached skill level 3 in Stealth
  1156 | D:5      | Reached skill level 3 in Shields
  1156 | D:5      | Reached skill level 6 in Spellcasting
  1156 | D:5      | Reached skill level 3 in Invocations
  1156 | D:5      | Reached skill level 3 in Evocations
  1156 | D:5      | Reached XP level 8. HP: 60/60 MP: 11/17
  1314 | D:5      | Found a glowing golden altar of the Shining One.
  1530 | D:6      | Reached skill level 4 in Invocations
  1537 | D:6      | Reached skill level 3 in Conjurations
  1537 | D:6      | Reached skill level 3 in Hexes
  1537 | D:6      | Reached skill level 3 in Charms
  1537 | D:6      | Reached skill level 3 in Summonings
  1537 | D:6      | Reached skill level 3 in Necromancy
  1537 | D:6      | Reached skill level 3 in Translocations
  1537 | D:6      | Reached skill level 3 in Fire Magic
  1537 | D:6      | Reached skill level 3 in Ice Magic
  1537 | D:6      | Reached skill level 3 in Air Magic
  1537 | D:6      | Reached skill level 3 in Earth Magic
  1537 | D:6      | Reached skill level 3 in Poison Magic
  1541 | D:6      | Reached skill level 6 in Dodging
  1541 | D:6      | Reached XP level 9. HP: 66/66 MP: 7/18
  1552 | D:6      | Reached skill level 5 in Transmutations
  1600 | D:7      | Found a runed door.
  1607 | D:7      | Got a bloodstained mace
  1610 | D:7      | Noticed Crazy Yiuf
  1615 | D:7      | Killed Crazy Yiuf
  1755 | D:5      | Found a shattered altar of Ashenzari.
  1756 | D:5      | Found an iron altar of Okawaru.
  1795 | D:6      | Found a burning altar of Makhleb.
  1869 | D:6      | Reached skill level 4 in Short Blades
  1869 | D:6      | Reached skill level 4 in Long Blades
  1869 | D:6      | Reached skill level 4 in Axes
  1869 | D:6      | Reached skill level 4 in Maces & Flails
  1869 | D:6      | Reached skill level 4 in Polearms
  1869 | D:6      | Reached skill level 4 in Staves
  1869 | D:6      | Reached skill level 4 in Slings
  1869 | D:6      | Reached skill level 4 in Bows
  1869 | D:6      | Reached skill level 4 in Crossbows
  1869 | D:6      | Reached skill level 4 in Throwing
  1869 | D:6      | Reached skill level 4 in Armour
  1869 | D:6      | Reached skill level 4 in Stealth
  1869 | D:6      | Reached skill level 4 in Shields
  1869 | D:6      | Reached skill level 4 in Evocations
  2057 | D:7      | Reached skill level 5 in Fighting
  2058 | D:7      | Noticed Joseph
  2073 | D:7      | Killed Joseph
  2112 | D:7      | Reached skill level 8 in Unarmed Combat
  2148 | D:7      | Found a staircase to the Ecumenical Temple.
  2154 | Temple   | Entered the Ecumenical Temple
  2194 | Temple   | Became a worshipper of Cheibriados the Contemplative
  2210 | Temple   | Identified the +7 mace "Maleo" {distort, rPois rF+ Str+5} (You found it on level 7 of the Dungeon)
  2211 | Temple   | Cast into level 1 of the Abyss (a distortion unwield)
  2285 | Abyss:2  | Noticed a lich
  2298 | Abyss:2  | Noticed a large abomination
  2307 | Abyss:2  | Learned a level 5 spell: Blade Hands
  2308 | Abyss:2  | Noticed a smoke demon
  2312 | Abyss:2  | Killed a smoke demon
  2312 | Abyss:2  | Reached skill level 5 in Invocations
  2317 | Abyss:2  | Noticed a freezing wraith
  2318 | Abyss:2  | HP: 2/68 [freezing wraith (18)]
  2318 | Abyss:2  | Slain by a freezing wraith

Vault maps used:
D:1:      giann_wishing_wells
D:2:      lemuel_coloured_pillars_altar, old_standard_altar,
          minmay_misc_feat_cross, kennysheep_generic_room_16
D:3:      vehumet_crystals, patterned_corridor
D:4:      gup_sewer_entry_spiral
D:5:      nicolae_tso_besieged_by_evil, gammafunk_temple_overflow_statue,
          basic_altar, first_ration, uniq_eustachio, uniq_pikel, uniq_menkaure
D:6:      basic_altar, hangedman_abyss_or_decor_stagger, supply_closet_lemuel
D:7:      temple_doors_e, the_bakery, item_on_display_a, uniq_joseph,
          uniq_crazy_yiuf_cottage
Temple:   dshaligram_water_room_temple
Sewer:    sewer_minmay_treatment

Skill      XL: |  1  2  3  4  5  6  7  8  9 |
---------------+----------------------------+-----
Spellcasting   | 5 6 |  6.9
Invocations    | 1 2 3 4 5 |  5.1
Short Blades   | 1 2 3 4 |  4.6
Long Blades    | 1 2 3 4 |  4.6
Axes           | 1 2 3 4 |  4.6
Maces & Flails | 1 2 3 4 |  4.6
Polearms       | 1 2 3 4 |  4.6
Staves         | 1 2 3 4 |  4.6
Slings         | 1 2 3 4 |  4.6
Bows           | 1 2 3 4 |  4.6
Crossbows      | 1 2 3 4 |  4.6
Throwing       | 1 2 3 4 |  4.6
Armour         | 1 2 3 4 |  4.6
Stealth        | 1 2 3 4 |  4.6
Shields        | 1 2 3 4 |  4.6
Evocations     | 1 2 3 4 |  4.6
Conjurations   | 1 2 3 |  3.8
Hexes          | 1 2 3 |  3.8
Charms         | 1 2 3 |  3.8
Summonings     | 1 2 3 |  3.8
Necromancy     | 1 2 3 |  3.8
Translocations | 1 2 3 |  3.8
Fire Magic     | 1 2 3 |  3.8
Ice Magic      | 1 2 3 |  3.8
Air Magic      | 1 2 3 |  3.8
Earth Magic    | 1 2 3 |  3.8
Poison Magic   | 1 2 3 |  3.8
Fighting       | 3 4 5 |  5.4
Transmutations | 4 5 |  5.4
Dodging        | 5 6 |  6.6
Unarmed Combat | 7 8 |  8.1

Action                   |  1- 3 |  4- 6 |  7- 9 || total
-------------------------+-------+-------+-------++-------
Melee: Unarmed           |    25 |   115 |   134 ||   274
       Headbutt          |     2 |       |       ||     2
       Bite              |     2 |       |       ||     2
       Kick              |     2 |       |       ||     2
       Punch             |       |       |     1 ||     1
 Fire: Hunting sling     |       |       |    25 ||    25
 Cast: Beastly Appendage |     8 |       |       ||     8
       Sticks to Snakes  |     2 |     5 |     8 ||    15
       Spider Form       |     1 |     6 |     1 ||     8
       Ice Form          |       |     6 |    16 ||    22
       Blade Hands       |       |       |     1 ||     1
 Abil: End Transformatio |       |       |     3 ||     3
  Use: Scroll            |       |     2 |     5 ||     7
       Potion            |       |       |     3 ||     3
 Stab: Distracted        |       |     1 |     1 ||     2
       Sleeping          |       |       |     2 ||     2
  Eat: Chunk             |       |     2 |     7 ||     9
Armor: Robe              |     4 |       |     4 ||     8
       Skin              |       |    20 |    27 ||    47
Dodge: Dodged            |    13 |    76 |    57 ||   146

Table legend:
 A = Spawn XP
 B = Non-spawn XP
 C = Spawn XP percentage of total XP
 D = Spawn monster count
 E = Non-spawn monster count
 F = Spawn count percentage of total count
 G = Total turns spent on level
                    A         B        C        D         E        F      G
               +---------+---------+-------+---------+---------+-------+---------
         Total |     417 |    4117 |   9.2 |       1 |     125 |   0.8 |  2318
               +---------+---------+-------+---------+---------+-------+---------
           D:1 |       0 |      22 |   0.0 |       0 |       7 |   0.0 |   147
           D:3 |       0 |      22 |   0.0 |       0 |       4 |   0.0 |    51
           D:4 |       0 |     318 |   0.0 |       0 |      18 |   0.0 |   517
           D:5 |       0 |    1171 |   0.0 |       0 |      20 |   0.0 |   454
           D:6 |       0 |    1050 |   0.0 |       0 |      14 |   0.0 |   389
           D:7 |       0 |    1131 |   0.0 |       0 |      13 |   0.0 |   298
       Abyss:2 |     417 |     132 |  76.0 |       1 |       1 |  50.0 |    92
         Sewer |       0 |     271 |   0.0 |       0 |      48 |   0.0 |   282
               +---------+---------+-------+---------+---------+-------+---------

Table legend:
 A = Turns spent in this place as a percentage of turns spent in the entire game.
 B = Non-inter-level travel turns spent in this place as a percentage of non-inter-level travel turns spent in the entire game.
 C = Inter-level travel turns spent in this place as a percentage of turns spent in this place.
 D = Turns resting spent in this place as a percentage of non-inter-level travel turns spent in this place.
 E = Turns spent auto-exploring this place as a percentage of non-inter-level travel turns spent in this place.
 F = Non-inter-level travel turns spent in this place divided by the number of levels of this place that you've seen.
                   A       B       C       D       E      F
               +-------+-------+-------+-------+-------+----------------------
         Total | 100.0 | 100.0 |   4.4 |   0.0 |   0.0 | 201.5
       Dungeon |  80.8 |  80.6 |   4.6 |   0.0 |   0.0 | 255.0
        Temple |   2.5 |   1.9 |  26.3 |   0.0 |   0.0 |  42.0
         Abyss |   4.6 |   4.8 |   0.0 |   0.0 |   0.0 |  53.5
         Sewer |  12.2 |  12.7 |   0.0 |   0.0 |   0.0 | 282.0
               +-------+-------+-------+-------+-------+----------------------

Table legend:
 A = Kills in this place as a percentage of kills in entire the game.
 B = Kills by you in this place as a percentage of kills by you in the entire game.
 C = Kills by friends in this place as a percentage of kills by friends in the entire game.
 D = Other kills in this place as a percentage of other kills in the entire game.
 E = Experience gained in this place as a percentage of experience gained in the entire game.
 F = Experience gained in this place divided by the number of levels of this place that you have seen.
                   A       B       C       D       E      F
               +-------+-------+-------+-------+-------+----------------------
         Total | 100.0 | 100.0 | 100.0 |   N/A | 100.0 | 412.2
       Dungeon |  60.3 |  60.8 |  50.0 |   N/A |  81.9 | 530.6
         Abyss |   1.6 |   1.7 |   0.0 |   N/A |  12.1 | 274.5
         Sewer |  38.1 |  37.5 |  50.0 |   N/A |   6.0 | 271.0
               +-------+-------+-------+-------+-------+----------------------

Vault maps used:
D:1:      giann_wishing_wells
D:2:      lemuel_coloured_pillars_altar, old_standard_altar,
          minmay_misc_feat_cross, kennysheep_generic_room_16
D:3:      vehumet_crystals, patterned_corridor
D:4:      gup_sewer_entry_spiral
D:5:      nicolae_tso_besieged_by_evil, gammafunk_temple_overflow_statue,
          basic_altar, first_ration, uniq_eustachio, uniq_pikel, uniq_menkaure
D:6:      basic_altar, hangedman_abyss_or_decor_stagger, supply_closet_lemuel
D:7:      temple_doors_e, the_bakery, item_on_display_a, uniq_joseph,
          uniq_crazy_yiuf_cottage
Temple:   dshaligram_water_room_temple
Sewer:    sewer_minmay_treatment
